 Dungeon Crawl Stone Soup version 0.28.0 (webtiles) character file.

Game seed: 84345802494206108

55 ProzacElf the Slasher (level 3, 0/27 HPs)
             Began as a Vampire Gladiator on Feb 17, 2022.
             Was a Follower of Sif Muna.
             Slain by an orc (5 damage)
             ... on level 3 of the Dungeon.
             The game lasted 00:05:19 (1827 turns).

ProzacElf the Slasher (Vampire Gladiator)           Turns: 1827, Time: 00:05:20

Health: 0/27       AC:  7    Str: 15    XL:     3   Next: 67%
Magic:  3/3        EV: 11    Int: 10    God:    Sif Muna [*.....]
Gold:   37         SH:  0    Dex: 15    Spells: 1/2 levels left

rFire   . . .      SeeInvis +   a - +0 long sword
rCold   . . .      Faith    .   (no shield)
rNeg    . . .      Spirit   .   g - +0 ring mail
rPois   .          Reflect  .   c - +0 helmet
rElec   .          Harm     .   (no cloak)
rCorr   .          Rampage  .   (no gloves)
Will    .....                   p - +0 pair of boots
Stlth   ++........              (no amulet)
HPRegen 0.29/turn               (no ring)
MPRegen 0.08/turn               (no ring)

@: healing quickly, invisible
A: alive, fangs 3, see invisible, vampiric 2
a: Exsanguinate, Renounce Religion, Channel Magic


You were on level 3 of the Dungeon.
You worshipped Sif Muna.
Sif Muna was aware of your devotion.
You visited 1 branch of the dungeon, and saw 3 of its levels.

You collected 37 gold pieces.

Inventory:

Hand Weapons
 a - a +0 long sword (weapon)
 i - a +0 long sword
Missiles
 d - 3 throwing nets
 h - 75 stones
 j - 10 javelins (quivered)
 m - 22 bolts
 u - 19 arrows
Armour
 b - a +0 leather armour
 c - a +0 helmet (worn)
 f - a +0 chain mail
 g - a +0 ring mail (worn)
 n - a +0 chain mail
 p - a +0 pair of boots (worn)
 r - a +0 chain mail
Scrolls
 e - a scroll of identify
 k - a scroll of brand weapon {unknown}
 l - 2 scrolls of fog {unknown}
 q - a scroll of magic mapping {unknown}
 s - a scroll of teleportation {unknown}
 w - a scroll of fear
Potions
 t - a potion of degeneration {unknown}
 v - a potion of mutation {unknown}
 x - a potion of brilliance {unknown}


   Skills:
 - Level 1.7 Fighting
 + Level 3.9 Long Blades
 - Level 1.5 Throwing
 - Level 3.2 Dodging
 + Level 3.7 Stealth


You had one spell level left.
You knew the following spells:

 Your Spells              Type           Power      Damage    Failure   Level
a - Sandblast             Erth           0%         2d4       58%         1

Your spell library contained the following spells:

 Spells                   Type           Power      Damage    Failure   Level
 Passwall                 Tmut/Erth      0%         N/A       75%         2
 Dazzling Flash           Conj/Hex       0%         N/A       92%         3
 Stone Arrow              Conj/Erth      0%         3d7       92%         3
 Iskenderun's Mystic Bla  Conj/Tloc      0%         2d3       100%        4
 Starburst                Conj/Fire      0%         6d3       100%        6


Dungeon Overview and Level Annotations

Branches:
Dungeon (3/15)

Altars:
Sif Muna

Shops:
D:2 :


Innate Abilities, Weirdness & Mutations

Your natural rate of healing is accelerated.
You have razor-sharp teeth.
You have supernaturally acute eyesight. (SInv)
You are afflicted with vampirism and can become a bat while bloodless.


Message History

Ye see 'ere a rat corpse.
Tha orc shouts!
An orc comes inta view.
It be wieldin' a +0 flail.
A centaur skeleton comes inta view.
Ye see 'ere a rat corpse.
Tha orc barely misses ye.
Ye see 'ere a rat corpse.
Ye hit tha orc.
Tha orc be severely wounded.
Tha orc hits ye wit' a +0 dagger.
Tha orc hits ye but does nay damage.
Ye take 4 damage, an' haf 23/27 hp.
Ye slash tha orc!
Ye kill tha orc!
Sif Muna accepts yer kill.
Ye barely miss tha orc.
Yer bite misses tha orc.
Tha orc hits ye but does nay damage.
Ye barely miss tha orc.
Tha orc closely misses ye.
Tha orc misses ye.
Ye barely miss tha orc.
Tha orc closely misses ye.
Tha orc priest shouts!
Ye hit tha orc.
Tha orc be moderately wounded.
Ye hear a shout!
Tha orc priest begins ta cast a cantrip, but forgets tha words!
Tha orc hits ye wit' a +0 flail.
Ye take 5 damage, an' haf 19/27 hp.
Ye closely miss tha orc.
Yer bite misses tha orc.
Tha orc be moderately wounded.
Tha orc barely misses ye.
Tha orc priest invokes tha aid o' Beogh against ye.
Beogh smites ye!
Ouch! Tha re'lly hurt!
* * * LOW HITPOINT WARNIN'
* * * Ye take 15 damage, an' haf 4/27 hp.
MASSIVE DAMAGE!!
It was a potion o' invisibility.
Ye fade inta invisibility!
Tha orc closely misses ye.
Ye closely miss tha orc.
Tha orc be moderately wounded.
Tha orc hits ye wit' a +0 flail.
Ye die...

............#
..≈.........######
..≈..............#
≈≈≈.........####.#
≈≈..........## #.#
.............# #.#
≈.........##.# #.#
############.# #.#
#.# #@# #.# #o#
#.# #o# #..
#........ ##.
##..#.... #... ..
.... ...... ..Z..


You could see an orc priest and an orc.

Vanquished Creatures
  2 adders (D:2)
  A dart slug (D:1)
  An orc (D:3)
  3 endoplasms (D:2)
  A goblin (D:1)
  2 jackals (D:1)
  6 kobolds
  2 quokkas (D:1)
  A ball python (D:1)
  4 bats
  2 frilled lizards
  10 rats
35 creatures vanquished.

Notes
Turn   | Place    | Note
-------+----------+-------------------------------------------
     0 | D:1      | ProzacElf the Vampire Gladiator began the quest for the
                  | Orb.
     0 | D:1      | Reached XP level 1. HP: 16/16 MP: 1/1
     3 | D:1      | Noticed an electric eel
     4 | D:1      | Noticed an electric eel
    71 | D:1      | Reached skill level 1 in Stealth
    95 | D:1      | Reached XP level 2. HP: 10/22 MP: 2/2
   453 | D:1      | Found a faded altar of an unknown god.
   459 | D:1      | Prayed at the altar of an unknown god.
   459 | D:1      | Became a worshipper of Sif Muna the Loreminder
   459 | D:1      | Reached * piety under Sif Muna
   897 | D:2      | Gained mutation: You are afflicted with vampirism and can
                  | become a bat while bloodless. [Vampire growth]
   897 | D:2      | Reached XP level 3. HP: 17/27 MP: 3/3
  1189 | D:2      | Found Megakukhycw's Book Boutique.
  1544 | D:2      | Learned a level 1 spell: Sandblast
  1827 | D:3      | Slain by an orc

Illustrated notes

Levels and vault maps discovered:
D:1:      arrival_aquarium_b, layout_rooms,
          dreamdust_ecumenical_altar_angels_and_demons
D:2:      layout_basic, serial_shops, nicolae_shop_hallway_plus,
          minmay_misc_feat_four_crosses, minmay_heptomino_h4
D:3:      minmay_skewed_foursquare, layout_rooms,
          nicolae_wu_jian_immortal_techniques, serial_rivers,
          chequers_serial_rivers_marsh, chequers_serial_rivers_micro_c,
          chequers_serial_rivers_micro_c, chequers_serial_rivers_micro_c,
          chequers_serial_rivers_large_a

Skill      XL: |  1  2 |
---------------+-------+-----
Stealth        | 1 3 |  3.7
Fighting       | |  1.7
Long Blades    | |  3.9
Throwing       | |  1.5
Dodging        | |  3.2

Action                   || total
-------------------------++-------
Melee: Long sword        ||   104
       Bite              ||     5
Throw: Javelin           ||     1
  Use: Scroll            ||     2
       Potion            ||     1
 Stab: Sleeping          ||     4
Armor: Leather armour    ||    10
       Ring mail         ||    38
Dodge: Dodged            ||    71
